 Dungeon Crawl Stone Soup version 0.22-a0-855-g415d086bb8 (webtiles) character file.

293076 Flugkiller the Sorcerer (level 20, -1/124 HPs)
             Began as a Deep Elf Conjurer on July 27, 2018.
             Was the Champion of Vehumet.
             Killed from afar by a fire giant (31 damage)
             ... with a fireball
             ... on level 4 of the Vaults.
             The game lasted 02:06:13 (64713 turns).

Flugkiller the Sorcerer (Deep Elf Conjurer)        Turns: 64713, Time: 02:06:13

Health: -1/124     AC: 26    Str:  6    XL:     20   Next: 34%
Magic:  59/62      EV: 17    Int: 31    God:    Vehumet [******]
Gold:   4006       SH: 13    Dex: 15    Spells: 15/62 levels left

rFire    . . .     SeeInvis .   v - staff of power
rCold    + . .     Gourm    .   E - +2 buckler {rC+}
rNeg     + . .     Faith    .   X - +5 swamp dragon scales
rPois    +         Spirit   .   H - +2 hat
rElec    .         Reflect  +   Z - +2 cloak {MR+}
rCorr    .         Harm     .   w - +2 pair of gloves "Esucakup" {rN+ Int+2 Slay-5}
MR       ++++.                  D - +0 pair of boots
Stlth    +.........             A - +5 amulet of reflection
HPRegen  0.30/turn              z - ring of protection from magic
MPRegen  0.38/turn              y - ring of wizardry

@: no status effects
A: no striking features
}: 1/15 runes: decaying
a: Renounce Religion


You were on level 4 of the Vaults.
You worshipped Vehumet.
Vehumet was exalted by your worship.
You were not hungry.

You visited 7 branches of the dungeon, and saw 37 of its levels.
You also visited: Sewer, Ossuary and Ice Cave.

You collected 4596 gold pieces.
You spent 590 gold pieces at shops.

Inventory:

Armour
 b - a +1 robe of the Archmagi
 t - a +2 shield
 w - the +2 pair of gloves "Esucakup" (worn) {rN+ Int+2 Slay-5}
   (You found it on level 4 of the Swamp)

   It affects your intelligence (+2).
   It affects your accuracy and damage with ranged weapons and melee attacks
   (-5).
   It protects you from negative energy.
 D - a +0 pair of boots (worn)
 E - a +2 buckler of cold resistance (worn)
 H - a +2 hat (worn)
 X - +5 swamp dragon scales (worn)
 Z - a +2 cloak of magic resistance (worn)
Magical Staves
 v - an uncursed staff of power (weapon)
 R - an uncursed staff of air
Jewellery
 f - an uncursed ring of fire
 j - an uncursed ring of see invisible
 y - a ring of wizardry (right hand)
 z - a ring of protection from magic (left hand)
 A - a +5 amulet of reflection (around neck)
 S - a +3 ring of protection
 V - an uncursed ring of protection from magic
Wands
 d - a wand of disintegration (2)
 s - a wand of iceblast (24)
 G - a wand of acid (13)
 I - a wand of scattershot (7)
 J - a wand of digging (30)
 N - a wand of flame (104)
 T - a wand of enslavement (12)
Scrolls
 a - 3 scrolls of enchant armour
 i - 10 scrolls of magic mapping
 k - 23 scrolls of remove curse
 l - 17 scrolls of amnesia
 o - 9 scrolls of fog
 p - 17 scrolls of identify
 q - a scroll of holy word
 r - 14 scrolls of teleportation
 K - 4 scrolls of blinking
 P - 7 scrolls of fear
 Q - a scroll of summoning
Potions
 e - 9 potions of curing
 g - 8 potions of invisibility
 h - 6 potions of haste
 n - 6 potions of heal wounds
 u - 6 potions of brilliance
 x - 12 potions of lignification
 B - 8 potions of flight
 C - 9 potions of might
 F - a potion of magic
 L - 7 potions of cancellation
 M - a potion of agility
 W - 2 potions of mutation
 Y - a potion of resistance
Comestibles
 c - 27 rations


   Skills:
 - Level 13.0 Fighting
 - Level 11.0 Armour
 - Level 14.0 Dodging
 - Level 2.4 Stealth
 - Level 9.0 Shields
 + Level 21.8 Spellcasting
 - Level 16.2 Conjurations
 - Level 7.0 Hexes
 - Level 3.1 Translocations
 - Level 16.0 Fire Magic


You had 15 spell levels left.
You knew the following spells:

 Your Spells              Type           Power        Failure   Level  Hunger
a - Magic Dart            Conj           ####         0%          1    None
b - Searing Ray           Conj           ######       0%          2    None
c - Dazzling Spray        Conj/Hex       ######       1%          3    None
d - Iskenderun's Mystic   Conj           #######.     1%          4    None
e - Fireball              Conj/Fire      #######...   1%          5    None
f - Bolt of Fire          Conj/Fire      #######...   1%          6    None
g - Orb of Destruction    Conj           #######...   1%          7    ##.....
h - Cause Fear            Hex            ######....   1%          4    None
i - Fulminant Prism       Conj/Hex       #######...   1%          4    None
j - Ignition              Fire           #######...   3%          8    ####...
q - Apportation           Tloc           ######       1%          1    None
r - Blink                 Tloc           N/A          1%          2    None

Your spell library contained the following spells:

 Spells                   Type           Power        Failure   Level  Hunger
 Conjure Flame            Conj/Fire      #######.     0%          3    None
 Bolt of Magma            Conj/Fire/Erth #######...   1%          5    None
 Slow                     Hex            ######..     1%          2    None
 Confuse                  Hex            ######..     1%          3    None
 Throw Flame              Conj/Fire      ######       0%          2    None
 Throw Frost              Conj/Ice       ######       1%          2    None
 Mephitic Cloud           Conj/Pois/Air  ######..     1%          3    None
 Venom Bolt               Conj/Pois      ######....   1%          5    None
 Summon Small Mammal      Summ           ####         1%          1    None
 Animate Dead             Necr           N/A          12%         4    None
 Pain                     Necr           ####         1%          1    None
 Animate Skeleton         Necr           N/A          1%          1    None
 Vampiric Draining        Necr           ####......   3%          3    None
 Freeze                   Ice            ####         1%          1    None
 Sticky Flame             Conj/Fire      #######.     1%          4    None
 Summon Ice Beast         Ice/Summ       ####....     12%         4    None
 Ozocubu's Armour         Chrm/Ice       ####....     3%          3    None
 Call Imp                 Summ           ####....     1%          2    None
 Regeneration             Chrm/Necr      ####......   3%          3    None
 Corpse Rot               Necr           N/A          1%          2    None
 Iron Shot                Conj/Erth      ######....   1%          6    None
 Stone Arrow              Conj/Erth      ######       1%          3    None
 Spider Form              Tmut/Pois      ####......   3%          3    None
 Blade Hands              Tmut           ####......   30%         5    None
 Ice Form                 Ice/Tmut       ####....     12%         4    None
 Throw Icicle             Conj/Ice       ######..     1%          4    None
 Confusing Touch          Hex            ######       1%          1    None
 Flame Tongue             Conj/Fire      #####        0%          1    None
 Sticks to Snakes         Tmut           ####....     1%          2    None
 Metabolic Englaciation   Hex/Ice        ######....   8%          5    None
 Corona                   Hex            ######.      1%          1    None
 Portal Projectile        Hex/Tloc       ######       1%          3    None
 Petrify                  Tmut/Erth      ####....     12%         4    None
 Leda's Liquefaction      Hex/Erth       ######....   2%          4    None
 Summon Hydra             Summ           ####......   100%        7    ##.....
 Inner Flame              Hex/Fire       #######.     1%          3    None
 Beastly Appendage        Tmut           ####..       1%          1    None
 Iskenderun's Battlesphe  Conj/Chrm      ######..     1%          5    None
 Force Lance              Conj/Tloc      #######.     1%          4    None
 Summon Forest            Summ/Tloc      #####.....   16%         5    None
 Spellforged Servitor     Conj/Summ      ######....   10%         7    ##.....
 Hydra Form               Tmut           ####......   83%         6    None
 Gell's Gravitas          Tloc           ######....   1%          3    None
 Yara's Violent Unravell  Hex/Tmut       ######....   2%          5    None


Dungeon Overview and Level Annotations

Branches:
Dungeon (15/15)            Temple (1/1) D:6            Lair (6/6) D:10
  Swamp (4/4) Lair:3       Spider (4/4) Lair:2        Slime (0/5) Lair:6
    Orc (2/2) D:10            Elf (0/3) Orc:2        Vaults (5/5) D:13
  Crypt (0/3) Vaults:3     Depths (0/5) D:15

Altars:
Dithmenos
Fedhas
Hepliaklqana
Kikubaaqudgha
Nemelex Xobeh
Okawaru
Sif Muna
Trog
Uskayaw
Vehumet
Xom
Yredelemnul
The Shining One
Beogh
Jiyva

Shops:
D:10 ?   D:13 *   D:14 *   Orc:1 %   Orc:2 %}:!   Vaults:3 }

Annotations:
Spider:4 exclusion: 3 doors, Mara


Message History

Unknown command.
The fire giant completely misses you.
The titan waves its arms in wide circles.
The air twists around and strikes you!
You climb upwards.
There is a stone staircase leading down here.
Casting: Orb of Destruction (safe; 1% risk of failure)
Confirm with . or Enter, or press ? or * to list all spells.
You blink.
The fire giant points at you and mumbles some strange words.
The fireball explodes!
The fireball engulfs you!
* * * LOW HITPOINT WARNING * * *
The fireball engulfs the fire giant.
The fire giant resists.
Unknown command.
Casting: Blink (safe; 1% risk of failure)
Confirm with . or Enter, or press ? or * to list all spells.
You blink.
The fire giant gestures at you while chanting.
The fireball explodes!
The fireball engulfs you!
You die...

#.........).......#.........#..
#......./.).......#.........#..
#.........).......#.........#..
#..............#######'######..
#.......)......#........#......
#..............#........'......
#.....##########.###.#..#.....#
#.....#..###...'........#.....#
#.....#..'.#.§@C........#.....#
#.....##+#'#...#§.#.###.#.....#
#.....##.'.##'##........#.....#
#.....#####.'.##........#.....#
#.....#...#'#'##.###[#..#.....#
#.....#...'.'..'........#.....#
#.....#...###..#........#.....#
#.....##'#######..#.###.#.....#
#..............#........#.....#


You could see a fire giant.

Vanquished Creatures
  the Lernaean hydra (Swamp:4)
  Margery (Vaults:4)
  Saint Roka (Orc:2)
  A golden dragon (Vaults:4)
  Nikola (Swamp:2)
  Arachne (Spider:3)
  Rupert (D:13)
  Asterion (Spider:1)
  An ancient champion (Vaults:3)
  Frances (Spider:2)
  A thorn hunter (Swamp:4)
  A sphinx (Vaults:1)
  Donald (Spider:1)
  A storm dragon (Vaults:4)
  2 frost giants (Vaults:4)
  A fire giant (Vaults:3)
  A ghost moth (Spider:4)
  8 vault wardens
  An iron dragon (Vaults:4)
  2 emperor scorpions
  A reaper (IceCv)
  10 ironheart preservers
  A very ugly thing (Vaults:4)
  4 stone giants
  2 entropy weavers
  A deep elf demonologist (Vaults:1)
  2 vampire knights (Vaults:3)
  2 deep elf annihilators
  2 spark wasps
  Snorg (D:11)
  7 ettins
  A deep elf death mage (Vaults:1)
  2 yaktaur captains
  A fire dragon (Vaults:3)
  2 great orbs of eyes
  3 rakshasas
  Harold (Orc:1)
  3 ice dragons (Vaults:3)
  22 hydras
  3 ghost crabs
  26 vault guards
  6 ogre magi
  2 catoblepae
  4 centaur warriors
  2 tengu warriors
  19 two-headed ogres
  Erica (D:8)
  4 deep troll shamans
  A queen ant (Lair:3)
  A deep troll earth mage (Vaults:3)
  5 alligators
  4 orc high priests (Orc:2)
  5 deep elf knights
  5 hell knights
  6 skeletal warriors
  15 deep trolls
  4 shadow wraiths
  A deep troll (shapeshifter) (Vaults:5)
  2 unseen horrors (D:15)
  A glowing orange brain (Vaults:2)
  14 swamp dragons
  2 shambling mangroves
  4 deep elf archers
  2 phantasmal warriors
  A spriggan druid (Swamp:4)
  6 deep elf magi
  11 ironbrand convokers
  27 wolf spiders
  A necromancer (Vaults:4)
  13 orc knights
  5 wizards
  8 orc sorcerers
  21 orb spiders
  9 ugly things
  A cyclops (Vaults:2)
  A mana viper (shapeshifter) (Vaults:5)
  4 oklob plants (Lair:6)
  A manticore (D:13)
  A moth of wrath (Spider:1)
  12 vault sentinels
  2 ice statues (IceCv)
  A black mamba (shapeshifter) (Vaults:1)
  6 black mambas
  2 centaur skeletons
  2 gargoyles (D:14)
  29 spiny frogs
  7 rime drakes
  4 freezing wraiths
  2 kobold demonologists (D:15)
  A komodo dragon (shapeshifter) (Vaults:4)
  2 efreet
  12 komodo dragons
  A tengu conjurer (D:15)
  23 yaktaurs
  8 demonic crawlers
  10 ice devils (IceCv)
  A jumping spider (shapeshifter) (Vaults:3)
  11 trolls
  33 jumping spiders
  A polar bear (Lair:5)
  A queen bee (Lair:1)
  A wind drake (shapeshifter) (Vaults:1)
  18 hippogriffs
  A hippogriff (shapeshifter) (Vaults:2)
  12 tyrant leeches
  17 bog bodies
  A raiju (shapeshifter) (Vaults:2)
  15 hornets
  8 dream sheep
  21 blink frogs
  21 slime creatures
  A fire giant simulacrum (Vaults:3)
  A centaur simulacrum (D:15)
  A stone giant simulacrum (Vaults:2)
  A shadow (D:15)
  Sigmund (D:5)
  A spriggan (shapeshifter) (D:14)
  2 vampires
  55 redbacks
  4 spriggans
  18 tarantellas
  4 wraiths
  31 yaks
  11 wyverns
  A human (shapeshifter) (Vaults:4)
  9 basilisks
  16 humans
  Eustachio (D:5)
  42 vampire mosquitoes
  A golden eye (shapeshifter) (Vaults:1)
  A hungry ghost (D:11)
  A steam dragon (D:12)
  11 wargs
  2 acid dragons
  8 soldier ants
  12 swamp worms
  An acid dragon (shapeshifter) (D:15)
  12 water moccasins
  11 porcupines
  54 orc warriors
  11 swamp drakes
  3 sky beasts
  A black bear (D:13)
  3 ice beasts
  An ettin simulacrum (Vaults:2)
  3 eyes of draining
  11 wolves
  3 phantoms
  29 ogres
  15 crocodiles
  2 necrophages
  15 centaurs
  12 big kobolds
  23 bullfrogs
  Blork the orc (D:5)
  2 gnoll sergeants (D:10)
  A water moccasin zombie (Ossuary)
  7 scorpions
  42 killer bees
  7 wights
  4 howler monkeys
  8 electric eels
  5 crimson imps
  9 hounds
  4 bullfrog zombies
  3 jellies
  5 centaur zombies
  2 quasits
  31 orc priests
  A gnoll shaman (D:6)
  2 bullfrog skeletons
  Jessica (D:3)
  9 iguanas
  26 orc wizards
  30 worker ants
  A killer bee zombie (D:6)
  A hound zombie (Ossuary)
  15 mummies (Ossuary)
  5 worker ant zombies (Ossuary)
  13 gnolls
  15 adders
  3 shadow imps
  7 white imps (IceCv)
  7 ufetubi (IceCv)
  2 oozes
  An adder skeleton (D:2)
  5 adder zombies (Ossuary)
  4 worms
  4 dart slugs
  7 leopard geckos
  111 orcs
  8 bats
  8 giant cockroaches
  9 goblins
  10 hobgoblins
  22 jackals
  6 quokkas
  3 ball pythons
  7 frilled lizards
  2 jackal skeletons
  4 jackal zombies
  32 kobolds
  A quokka skeleton (D:4)
  3 quokka zombies
  7 rats
  A bush (Swamp:4)
  A fungus (Lair:6)
  4 plants
1607 creatures vanquished.

Vanquished Creatures (others)
  A vault warden (Vaults:5)
  A centaur warrior (Vaults:4)
  2 cyclopes
  4 yaktaurs
  An orc warrior (Orc:2)
  2 centaurs
  3 white imps (IceCv)
  2 ufetubi (IceCv)
  A bush (Lair:6)
  25 fulminant prisms
  33 fungi
  57 plants
  A withered plant (Ossuary)
133 creatures vanquished.

Grand Total: 1740 creatures vanquished

Notes
Turn   | Place    | Note
-------+----------+-------------------------------------------
     0 | D:1      | Flugkiller the Deep Elf Conjurer began the quest for the Orb.
     0 | D:1      | Reached XP level 1. HP: 10/10 MP: 6/6
   249 | D:1      | Reached XP level 2. HP: 15/15 MP: 2/8
   505 | D:1      | Reached skill level 5 in Conjurations
   909 | D:2      | Reached XP level 3. HP: 19/19 MP: 5/10
   951 | D:2      | Learned a level 2 spell: Searing Ray
   955 | D:2      | Learned a level 3 spell: Dazzling Spray
   980 | D:2      | Found a faded altar of an unknown god.
  1241 | D:2      | Reached skill level 4 in Spellcasting
  1508 | D:2      | Reached XP level 4. HP: 24/24 MP: 10/12
  1553 | D:2      | Learned a level 4 spell: Iskenderun's Mystic Blast
  1564 | D:2      | Reached skill level 1 in Hexes
  2280 | D:3      | Reached XP level 5. HP: 28/28 MP: 9/13
  2353 | D:3      | Noticed Jessica
  2356 | D:3      | Killed Jessica
  2861 | D:4      | Noticed an ogre
  2865 | D:4      | Killed an ogre
  2865 | D:4      | Reached skill level 5 in Spellcasting
  2865 | D:4      | Reached XP level 6. HP: 32/32 MP: 3/15
  3048 | D:4      | Found a glowing drain.
  3089 | Sewer    | Entered a sewer
  3978 | D:4      | Noticed a two-headed ogre
  4615 | D:4      | HP: 1/32 [two-headed ogre/giant club (25)]
  4647 | D:4      | Killed a two-headed ogre
  4647 | D:4      | Reached skill level 6 in Spellcasting
  4647 | D:4      | Reached skill level 5 in Hexes
  4647 | D:4      | Reached XP level 7. HP: 5/36 MP: 2/19
  4647 | D:4      | Reached XP level 8. HP: 6/41 MP: 2/20
  4917 | D:5      | Entered Level 5 of the Dungeon
  4917 | D:5      | Noticed Eustachio
  4921 | D:5      | Killed Eustachio
  4921 | D:5      | Reached skill level 7 in Spellcasting
  5280 | D:5      | Noticed Sigmund
  5289 | D:5      | Killed Sigmund
  5544 | D:5      | Found a hazy altar of Hepliaklqana.
  5585 | D:5      | Noticed Blork the orc
  5588 | D:5      | Killed Blork the orc
  5713 | D:6      | Reached skill level 8 in Spellcasting
  5857 | D:6      | Found a staircase to the Ecumenical Temple.
  5865 | D:6      | Reached skill level 10 in Conjurations
  5876 | Temple   | Entered the Ecumenical Temple
  5886 | Temple   | Became a worshipper of Vehumet
  6519 | D:6      | Reached XP level 9. HP: 45/45 MP: 17/23
  6525 | D:6      | Learned a level 4 spell: Fulminant Prism
  7045 | D:7      | Reached skill level 9 in Spellcasting
  7187 | D:7      | Reached * piety under Vehumet
  7187 | D:7      | Offered knowledge of Sting by Vehumet.
  7839 | D:7      | Found a shimmering altar of Xom.
  8241 | D:8      | Found a sand-covered staircase.
  8246 | Ossuary  | Entered an ossuary
  8350 | Ossuary  | HP: 2/45 [hound zombie (3)]
  8376 | Ossuary  | Offered knowledge of Freeze by Vehumet.
  8388 | Ossuary  | HP: 1/45 [water moccasin zombie (7)]
  8573 | Ossuary  | Reached skill level 10 in Spellcasting
  8624 | Ossuary  | Reached ** piety under Vehumet
  9413 | D:8      | Noticed Erica
  9422 | D:8      | Killed Erica
  9422 | D:8      | Reached XP level 10. HP: 50/50 MP: 13/26
  9749 | D:8      | Noticed a two-headed ogre
  9966 | D:8      | Killed a two-headed ogre
  9966 | D:8      | Reached skill level 1 in Fighting
  9966 | D:8      | Reached skill level 11 in Spellcasting
 10461 | D:8      | Offered knowledge of Conjure Flame by Vehumet.
 10580 | D:8      | Got a bone spear
 10581 | D:8      | Identified the +3 spear of Winter {flame, +Rage Int+3} (You found it on level 8 of the Dungeon)
 11286 | D:9      | Reached *** piety under Vehumet
 11506 | D:9      | Reached skill level 5 in Dodging
 11553 | D:9      | Noticed a two-headed ogre
 11611 | D:9      | Killed a two-headed ogre
 11611 | D:9      | Offered knowledge of Olgreb's Toxic Radiance by Vehumet.
 11611 | D:9      | Reached skill level 12 in Spellcasting
 11830 | D:9      | Noticed a two-headed ogre
 11842 | D:9      | Killed a two-headed ogre
 11842 | D:9      | Reached XP level 11. HP: 60/60 MP: 12/29
 12038 | D:9      | Noticed a two-headed ogre
 12042 | D:9      | Killed a two-headed ogre
 12520 | D:9      | Reached skill level 1 in Shields
 12618 | D:9      | Noticed a three-headed hydra
 12626 | D:9      | Killed a three-headed hydra
 12998 | D:10     | Entered Level 10 of the Dungeon
 13012 | D:10     | Found a staircase to the Orcish Mines.
 13026 | D:10     | Reached **** piety under Vehumet
 13120 | D:10     | Offered knowledge of Fireball by Vehumet.
 13128 | D:10     | Learned a level 5 spell: Fireball
 13133 | D:10     | Learned a level 4 spell: Cause Fear
 13167 | D:10     | Reached skill level 13 in Spellcasting
 13246 | D:10     | Reached skill level 5 in Fighting
 13246 | D:10     | Reached skill level 1 in Fire Magic
 14309 | D:10     | Found Fileucs's Magic Scroll Shop.
 14317 | D:10     | Bought a scroll of teleportation for 48 gold pieces
 14317 | D:10     | Bought a scroll of teleportation for 48 gold pieces
 14317 | D:10     | Bought a scroll of teleportation for 48 gold pieces
 14317 | D:10     | Bought a scroll of blinking for 120 gold pieces
 14317 | D:10     | Bought a scroll of magic mapping for 56 gold pieces
 14317 | D:10     | Bought a scroll of fog for 32 gold pieces
 14366 | D:10     | Found a staircase to the Lair.
 14550 | D:10     | Found a deep blue altar of Sif Muna.
 14764 | Lair:1   | Entered Level 1 of the Lair of Beasts
 15176 | Lair:1   | Reached XP level 12. HP: 69/69 MP: 20/31
 15766 | Lair:1   | Reached skill level 5 in Fire Magic
 16146 | Lair:1   | Noticed a seven-headed hydra
 16151 | Lair:1   | Killed a seven-headed hydra
 16842 | Lair:1   | Reached ***** piety under Vehumet
 16853 | Lair:1   | Reached skill level 10 in Dodging
 16957 | Lair:1   | Offered knowledge of Bolt of Cold by Vehumet.
 17342 | Lair:1   | Learned a level 7 spell: Orb of Destruction
 17939 | Lair:2   | Found a hole to the Spider Nest.
 18803 | Lair:3   | Found a staircase to the Swamp.
 19281 | Lair:3   | Noticed a queen ant
 19291 | Lair:3   | Killed a queen ant
 19462 | Lair:3   | Reached XP level 13. HP: 74/74 MP: 23/32
 20000 | Lair:4   | Found a frozen archway.
 20006 | Lair:4   | Offered knowledge of Bolt of Fire by Vehumet.
 20021 | Lair:4   | Learned a level 6 spell: Bolt of Fire
 20056 | IceCv    | Entered an ice cave
 20724 | IceCv    | Noticed a reaper
 20737 | IceCv    | Killed a reaper
 20737 | IceCv    | Reached skill level 15 in Conjurations
 21971 | Lair:4   | Reached skill level 14 in Spellcasting
 24114 | Lair:6   | Entered Level 6 of the Lair of Beasts
 24190 | Lair:6   | Reached skill level 15 in Spellcasting
 24474 | Lair:6   | Reached skill level 10 in Fire Magic
 24587 | Lair:5   | Learned a level 1 spell: Apportation
 24903 | Lair:6   | Offered knowledge of Bolt of Draining by Vehumet.
 24907 | Lair:6   | Reached XP level 14. HP: 80/80 MP: 2/35
 26556 | Lair:6   | Found a viscous altar of Jiyva.
 26556 | Lair:6   | Found a staircase to the Slime Pits.
 28600 | D:11     | Learned a level 2 spell: Blink
 28876 | D:11     | Noticed Snorg
 28934 | D:11     | Killed Snorg
 28934 | D:11     | Reached skill level 1 in Translocations
 30846 | D:13     | Noticed Rupert
 30851 | D:13     | Killed Rupert
 30983 | D:13     | Found a gate to the Vaults.
 31247 | D:13     | Found Wualiaro's General Store.
 31353 | D:13     | Reached XP level 15. HP: 91/91 MP: 36/36
 32033 | D:13     | Reached skill level 10 in Fighting
 32484 | D:14     | Offered knowledge of Ozocubu's Refrigeration by Vehumet.
 32563 | D:14     | Found Pymn's Demolitions Depot.
 32781 | D:14     | Reached skill level 1 in Armour
 33447 | D:15     | Entered Level 15 of the Dungeon
 34395 | D:15     | Reached skill level 5 in Shields
 34870 | D:15     | Reached ****** piety under Vehumet
 34977 | D:15     | Offered knowledge of Conjure Ball Lightning by Vehumet.
 35380 | D:15     | Found a staircase to the Depths.
 36040 | Swamp:1  | Entered Level 1 of the Swamp
 37409 | Swamp:1  | Reached XP level 16. HP: 100/100 MP: 27/37
 37895 | Swamp:2  | Noticed Nikola
 37903 | Swamp:2  | Killed Nikola
 37903 | Swamp:2  | Reached skill level 5 in Armour
 39116 | Swamp:3  | Offered knowledge of Poison Arrow by Vehumet.
 41121 | Swamp:4  | Entered Level 4 of the Swamp
 42441 | Swamp:4  | Noticed a thorn hunter
 42453 | Swamp:4  | Killed a thorn hunter
 42588 | Swamp:4  | Offered knowledge of Freezing Cloud by Vehumet.
 42682 | Swamp:4  | Reached skill level 16 in Spellcasting
 42685 | Swamp:4  | Noticed the 27-headed Lernaean hydra
 43163 | Swamp:4  | Got a pair of polished gloves
 43174 | Swamp:4  | Identified the +2 pair of gloves "Esucakup" {rN+ Int+2 Slay-5} (You found it on level 4 of the Swamp)
 43449 | Swamp:4  | Hi Lerny
 43461 | Swamp:4  | Killed the 27-headed Lernaean hydra
 43462 | Swamp:4  | goodbye lerny
 43604 | Swamp:4  | Got a decaying rune of Zot
 43865 | Spider:1 | Entered Level 1 of the Spider Nest
 43989 | Spider:1 | Noticed Asterion
 43990 | Spider:1 | Noticed Donald
 43992 | Spider:1 | Yes, when DO you get the hellfire spell?
 43999 | Spider:1 | Killed Asterion
 43999 | Spider:1 | Reached XP level 17. HP: 92/104 MP: 19/39
 44000 | Spider:1 | Killed Donald
 44702 | Spider:2 | Noticed Frances
 44834 | Spider:2 | Killed Frances
 44834 | Spider:2 | Reached skill level 17 in Spellcasting
 44854 | Spider:2 | Identified a scroll of acquirement
 46759 | Spider:3 | Noticed Arachne
 46768 | Spider:3 | Killed Arachne
 46952 | Spider:4 | Entered Level 4 of the Spider Nest
 47133 | Spider:4 | Noticed Mara
 47134 | Spider:4 | damn mara, can you not be here please
 47136 | Spider:4 | Noticed Flugkiller's illusion
 47681 | Spider:3 | Offered knowledge of Lehudib's Crystal Spear by Vehumet.
 47681 | Spider:3 | Offered knowledge of Shatter by Vehumet.
 47681 | Spider:3 | Offered knowledge of Ignition by Vehumet.
 48042 | Spider:4 | Noticed Flugkiller's illusion
 48284 | Spider:3 | Reached skill level 10 in Armour
 50398 | Vaults:1 | Entered Level 1 of the Vaults
 50827 | Vaults:1 | Reached XP level 18. HP: 111/111 MP: 37/41
 51397 | Vaults:1 | Found the +15 Maxwell's patent armour {-Cast -Tele rElec MR+ rCorr}
 51620 | Orc:1    | Entered Level 1 of the Orcish Mines
 51631 | Orc:1    | Noticed Harold
 51853 | Orc:1    | Killed Harold
 52013 | Orc:1    | Found Gidyrphiede's Food Shoppe.
 52646 | Orc:2    | Entered Level 2 of the Orcish Mines
 53641 | Orc:2    | Found a staircase to the Elven Halls.
 54212 | Orc:2    | Noticed Saint Roka
 54259 | Orc:2    | Killed Saint Roka
 54302 | Orc:2    | Found a roughly hewn altar of Beogh.
 54559 | Orc:2    | Found Ezatoe's Book Shop.
 54649 | Orc:2    | Found Usuchi's Distillery.
 54664 | Orc:2    | Bought a potion of invisibility for 112 gold pieces
 54664 | Orc:2    | Bought a potion of brilliance for 56 gold pieces
 54664 | Orc:2    | Bought a potion of heal wounds for 70 gold pieces
 55070 | Orc:2    | Found Itirph's Food Emporium.
 55171 | Orc:2    | Found Mudo Ekh's Gadget Shoppe.
 55197 | Orc:2    | Found a roughly hewn altar of Beogh.
 57567 | Vaults:2 | Reached skill level 18 in Spellcasting
 58124 | Vaults:2 | Learned a level 8 spell: Ignition
 58361 | Vaults:2 | Reached XP level 19. HP: 119/119 MP: 10/43
 59992 | Vaults:3 | Reached skill level 19 in Spellcasting
 60559 | Vaults:3 | Found a staircase to the Crypt.
 60784 | Vaults:3 | Found Jattich's Gadget Shop.
 61860 | Vaults:3 | Reached skill level 20 in Spellcasting
 62948 | Vaults:4 | Noticed Margery
 62965 | Vaults:4 | Killed Margery
 62965 | Vaults:4 | Reached skill level 15 in Fire Magic
 63880 | Vaults:5 | Entered Level 5 of the Vaults
 63881 | Vaults:5 | Reached XP level 20. HP: 124/124 MP: 46/46
 63881 | Vaults:5 | Reached skill level 21 in Spellcasting
 63902 | Vaults:5 | Noticed a golden dragon
 64306 | Vaults:4 | Killed a golden dragon
 64713 | Vaults:4 | Killed from afar by a fire giant

Vault maps used:
D:1:      giann_wishing_wells
D:2:      chequers_ecumenical_altar_simple_redux, minmay_joined_circles
D:3:      kennysheep_generic_room_3, uniq_jessica, uniq_crazy_yiuf_cottage
D:4:      first_ration, cheibrodos_sewer_entry_drain, fountainhead,
          minmay_misc_feat_four_crosses, st_stairs_5, minivault_4,
          roderic_serpentine_path
D:5:      basic_altar, uniq_blork_the_orc, uniq_eustachio, uniq_sigmund
D:6:      minmay_temple_entry_metal_lava, roderic_three_in_a_row
D:7:      kennysheep_little_box
D:8:      nicolae_whirlpool, enter_ossuary_2, uniq_erica
D:9:      hangedman_ranch
D:10:     minmay_lair_entry_grove, kennysheep_orc_monster_closet_entryway,
          serial_shops, shop_scrolls, hangedman_abyss_or_decor_stabs,
          lemuel_blue_sif_altar
D:11:     uniq_snorg
D:13:     david_vaults_3, serial_shops, shop
D:14:     nicolae_two_hexagons, nicolae_blasting_shop
D:15:     hangedman_depths_entry_civil_slaughter, serial_bayou_shore_b,
          moated_statue
Temple:   grunt_wide_crystal_templ
Lair:1:   beast_lair_carwin_large_4, special_room, grunt_megastairs_3,
          infiniplex_staircase_pool
Lair:2:   nicolae_spider_entry_non_spiders
Lair:3:   minmay_swamp_entry_swarm, st_stairs_13, minivault_11,
          minmay_another_anthill, serial_bayou_shore_b, grunt_megastairs_4
Lair:4:   portal_ice_cave_rime, special_room
Lair:5:   kennysheep_catoblepas_arena
Lair:6:   minmay_lair_end_frog_pond, dpeg_slime_entry_enclosed_altar,
          minmay_lair_oklob_chamber, serial_bayou_shore_a
Swamp:1:  evilmike_swamp_ruin_house_1
Swamp:2:  evilmike_swamp_ruin_rubble_2, swamp_pool3, st_swamp_mini, uniq_nikola
Swamp:3:  evilmike_swamp_ruin_house_4
Swamp:4:  grunt_swamp_rune_castle, swamp_pool5
Spider:1: uniq_asterion, uniq_donald
Spider:2: uniq_frances
Spider:3: hangedman_spider_tarantella_strand, uniq_arachne
Spider:4: spider_rune_water, spider_trap, guppyfry_spider_mini_3, uniq_mara
Orc:1:    cheibrodos_orc_bank, serial_shops, nicolae_shop_waterfront,
          uniq_harold
Orc:2:    pubby_orc_utopia, serial_shops
Vaults:1: hangedman_vaults_nodes, hangedman_vaults_maws,
          ontoclasm_vaults_gateway, nicolae_vaults_little_squares_2,
          nicolae_vaults_back_hallway, ontoclasm_vaults_chip,
          grunt_vaults_swirl, v_misc_16, v_alt_pattern_3,
          dpeg_vaults_monster_row, ontoclasm_vaults_loading_screen,
          grunt_vaults_hallway_short, vaults_room_pools,
          nicolae_vaults_network_square
Vaults:2: grunt_vaults_diagonal, v_pattern_5, vaults_room_corners,
          nicolae_vaults_network_barrier, nicolae_vaults_hallways_thing,
          nicolae_vaults_shelves_hall, grunt_vaults_hallway_short
Vaults:3: minmay_crypt_entry_simple_statues, nicolae_vaults_inception_corners,
          ontoclasm_vaults_gallery, nicolae_vaults_mini_display_case,
          v_pattern_2, hangedman_vaults_nails, nicolae_vaults_twisting_passages,
          vaults_standard_mumra_x, nicolae_vaults_little_ls,
          ontoclasm_vaults_twist, serial_shops, shop
Vaults:4: nicolae_vaults_little_squares_6, grunt_vaults_trifunnel, v_misc_19,
          hangedman_vaults_restitches, hangedman_vaults_locks,
          grunt_vaults_hallway_long, nicolae_vaults_circle_grid_b,
          vaults_dpeg_diagonal, uniq_margery
Vaults:5: uniq_saint_roka
Sewer:    sewer_co_scattered_pipes
Ossuary:  ossuary_zaba_flooded
IceCv:    ice_cave_small_demon

Skill      XL: |  1  2  3  4  5  6  7  8  9 10 11 12 13 14 15 16 17 18 19 20 |
---------------+-------------------------------------------------------------+-----
Conjurations   | 5 6 8 10 12 14 15 16 | 16.2
Spellcasting   | 4 5 6 8 10 12 13 15 16 17 18 20 21 | 21.8
Hexes          | 1 3 5 7 |  7.0
Fighting       | 3 5 6 9 11 13 | 13.0
Dodging        | 6 8 11 13 14 | 14.0
Shields        | 3 4 6 7 9 |  9.0
Fire Magic     | 3 6 10 11 12 15 16 | 16.0
Translocations | 3 |  3.1
Armour         | 4 8 10 11 | 11.0
Stealth        | |  2.4

Action                   |  1- 3 |  4- 6 |  7- 9 | 10-12 | 13-15 | 16-18 | 19-21 || total
-------------------------+-------+-------+-------+-------+-------+-------+-------++-------
Melee: Dagger            |     3 |     3 |    46 |   135 |    74 |       |       ||   261
       Staff             |       |       |     3 |       |     7 |    27 |     2 ||    39
       Spear             |       |       |       |    47 |       |       |       ||    47
 Cast: Magic Dart        |    70 |   150 |   160 |   258 |    84 |   113 |       ||   835
       Dazzling Spray    |     1 |     3 |       |    16 |     3 |     7 |       ||    30
       Iskenderun's Myst |       |    13 |   101 |   238 |   108 |    14 |     3 ||   477
       Fulminant Prism   |       |       |     2 |    21 |     2 |       |       ||    25
       Searing Ray       |       |       |     2 |     6 |       |       |       ||     8
       Fireball          |       |       |       |    20 |    30 |    80 |    17 ||   147
       Cause Fear        |       |       |       |     8 |     4 |       |       ||    12
       Bolt of Fire      |       |       |       |       |   505 |   779 |   206 ||  1490
       Orb of Destructio |       |       |       |       |    11 |    18 |    19 ||    48
       Blink             |       |       |       |       |     6 |    24 |     5 ||    35
       Apportation       |       |       |       |       |     3 |       |       ||     3
       Ignition          |       |       |       |       |       |       |     3 ||     3
Evoke: Wand              |       |       |    11 |     3 |    22 |    16 |       ||    52
  Use: Scroll            |       |     8 |     5 |    18 |     2 |    12 |     3 ||    48
       Potion            |       |       |     4 |     2 |     1 |     3 |       ||    10
 Stab: Invisible         |       |       |       |     1 |       |     1 |       ||     2
  Eat: Chunk             |     2 |     9 |    12 |    21 |    91 |    54 |    14 ||   203
       Ration            |       |     1 |     2 |     3 |    16 |    20 |     2 ||    44
Armor: Robe              |     5 |     8 |    15 |    19 |       |       |       ||    47
       Troll leather arm |       |       |       |    42 |    18 |       |       ||    60
       Steam dragon scal |       |       |       |       |    11 |     1 |       ||    12
       Swamp dragon scal |       |       |       |       |       |   184 |    33 ||   217
Dodge: Dodged            |    19 |    19 |    64 |   296 |   161 |   220 |    39 ||   818
Block: Other             |       |       |    27 |    41 |       |       |       ||    68
       Reflection        |       |       |     1 |     3 |    23 |    19 |    21 ||    67
       Buckler           |       |       |       |   144 |   200 |   257 |    53 ||   654

Table legend:
 A = Spawn XP
 B = Non-spawn XP
 C = Spawn XP percentage of total XP
 D = Spawn monster count
 E = Non-spawn monster count
 F = Spawn count percentage of total count
 G = Total turns spent on level
                    A         B        C        D         E        F      G
               +---------+---------+-------+---------+---------+-------+---------
         Total |       0 |  512691 |   0.0 |       0 |    1612 |   0.0 | 64713
               +---------+---------+-------+---------+---------+-------+---------
           D:1 |       0 |      38 |   0.0 |       0 |      17 |   0.0 |  1111
           D:2 |       0 |     113 |   0.0 |       0 |      44 |   0.0 |  1128
           D:3 |       0 |     139 |   0.0 |       0 |      19 |   0.0 |   691
           D:4 |       0 |    1180 |   0.0 |       0 |      12 |   0.0 |  1638
           D:5 |       0 |     572 |   0.0 |       0 |      12 |   0.0 |   616
           D:6 |       0 |    1023 |   0.0 |       0 |      33 |   0.0 |  1219
           D:7 |       0 |    1025 |   0.0 |       0 |      15 |   0.0 |  1270
           D:8 |       0 |    3779 |   0.0 |       0 |      39 |   0.0 |  1773
           D:9 |       0 |    6135 |   0.0 |       0 |      38 |   0.0 |  2225
          D:10 |       0 |    5971 |   0.0 |       0 |      58 |   0.0 |  2108
          D:11 |       0 |    3188 |   0.0 |       0 |      25 |   0.0 |  1280
          D:12 |       0 |    4101 |   0.0 |       0 |      28 |   0.0 |  1092
          D:13 |       0 |   17220 |   0.0 |       0 |      42 |   0.0 |  1714
          D:14 |       0 |    7723 |   0.0 |       0 |      33 |   0.0 |  2341
          D:15 |       0 |   24210 |   0.0 |       0 |      65 |   0.0 |  1491
        Lair:1 |       0 |    9155 |   0.0 |       0 |      57 |   0.0 |  2502
        Lair:2 |       0 |    3772 |   0.0 |       0 |      30 |   0.0 |  1177
        Lair:3 |       0 |    5109 |   0.0 |       0 |      39 |   0.0 |  2105
        Lair:4 |       0 |   10779 |   0.0 |       0 |      43 |   0.0 |  1753
        Lair:5 |       0 |    5368 |   0.0 |       0 |      21 |   0.0 |  2391
        Lair:6 |       0 |   24354 |   0.0 |       0 |      84 |   0.0 |  2729
       Swamp:1 |       0 |   14561 |   0.0 |       0 |      38 |   0.0 |  1490
       Swamp:2 |       0 |    9700 |   0.0 |       0 |      15 |   0.0 |  1531
       Swamp:3 |       0 |   12535 |   0.0 |       0 |      35 |   0.0 |  2433
       Swamp:4 |       0 |   30462 |   0.0 |       0 |      54 |   0.0 |  1730
      Spider:1 |       0 |   14489 |   0.0 |       0 |      29 |   0.0 |  1072
      Spider:2 |       0 |   16779 |   0.0 |       0 |      42 |   0.0 |   837
      Spider:3 |       0 |   19865 |   0.0 |       0 |      48 |   0.0 |  3362
      Spider:4 |       0 |   23785 |   0.0 |       0 |      55 |   0.0 |  1006
         Orc:1 |       0 |    6168 |   0.0 |       0 |      59 |   0.0 |  1065
         Orc:2 |       0 |   24140 |   0.0 |       0 |     137 |   0.0 |  2966
      Vaults:1 |       0 |   32720 |   0.0 |       0 |      56 |   0.0 |  2626
      Vaults:2 |       0 |   34197 |   0.0 |       0 |      59 |   0.0 |  2226
      Vaults:3 |       0 |   52071 |   0.0 |       0 |      66 |   0.0 |  2604
      Vaults:4 |       0 |   51042 |   0.0 |       0 |      52 |   0.0 |  2375
      Vaults:5 |       0 |   28672 |   0.0 |       0 |      30 |   0.0 |    34
         Sewer |       0 |      67 |   0.0 |       0 |      20 |   0.0 |   603
       Ossuary |       0 |     870 |   0.0 |       0 |      36 |   0.0 |  1103
         IceCv |       0 |    5614 |   0.0 |       0 |      27 |   0.0 |  1276
               +---------+---------+-------+---------+---------+-------+---------
